 Dungeon Crawl Stone Soup version 0.24-a0-618-ge4662a2d14 (webtiles) character file.

Game seed: 10495624632149789132, levelgen mode: deterministic

51 DasRunzen the Covered (level 3, -2/33 HPs)
             Began as a Minotaur Fighter on Sept 15, 2019.
             Killed by nerve-wracking pain
             ... invoked by an orc priest
              (4 damage)
             ... on level 4 of the Dungeon on Sept 16, 2019.
             The game lasted 00:04:42 (1177 turns).

DasRunzen the Covered (Minotaur Fighter)            Turns: 1177, Time: 00:04:43

Health: -2/33      AC:  7    Str: 20    XL:     3   Next: 58%
Magic:  2/2        EV:  7    Int:  5    God:
Gold:   122        SH: 10    Dex: 10    Spells: 2/2 levels left

rFire    . . .     SeeInvis .   a - +0 war axe
rCold    . . .     Gourm    .   c - +1 shield
rNeg     . . .     Faith    .   b - +0 scale mail
rPois    .         Spirit   .   (helmet restricted)
rElec    .         Reflect  .   (no cloak)
rCorr    .         Harm     .   (no gloves)
MR       .....                  (no boots)
Stlth    ..........             (no amulet)
HPRegen  0.11/turn              (no ring)
MPRegen  0.08/turn              (no ring)

@: no status effects
A: retaliatory headbutt, horns 2
a: no special abilities


You were on level 4 of the Dungeon.
You were hungry.

You visited 1 branch of the dungeon, and saw 5 of its levels.

You collected 122 gold pieces.

Inventory:

Hand Weapons
 a - a +0 war axe (weapon)
Armour
 b - a +0 scale mail (worn)
 c - a +1 shield (worn)
Jewellery
 l - an uncursed amulet of harm
Scrolls
 e - 5 scrolls of identify
 h - a scroll of teleportation {unknown}
 i - a scroll of remove curse
 j - a scroll of immolation {unknown}
 m - 2 scrolls of blinking
Potions
 d - 2 potions of might
 g - a potion of magic
 n - 2 potions of curing
Comestibles
 f - 4 rations


   Skills:
 + Level 4.2 Fighting
 + Level 3.2 Axes
 + Level 4.2 Armour
 + Level 4.1 Shields


You had 2 spell levels left.
You didn't know any spells.
Your spell library was empty.

Dungeon Overview and Level Annotations

Branches:
Dungeon (5/15)
 Temple: D:4-7

Altars:
Vehumet


Innate Abilities, Weirdness & Mutations

You reflexively headbutt those who attack you in melee.
You have a pair of horns on your head.


Message History

* * * LOW HITPOINT WARNING * * *
The orc priest barely misses you.
The centaur hits you but does no damage.
Unknown command.
You closely miss the orc priest.
Your shield and scale mail prevent you from hitting the centaur.
The centaur hits you!
* * * LOW HITPOINT WARNING * * *
The orc priest hits you but does no damage.
The centaur barely misses you.
Unknown command.
You slash the orc!
You kill the orc!
You hit the centaur. The centaur barely misses you.
A giant cockroach comes into view.
You block the centaur's attack.
A gnoll comes into view. It is wielding a +0 club.
The orc priest invokes the aid of Beogh against you.
Pain shoots through your body!
You die... ############### g..ooo)@cc....s ###############

You could see 2 centaurs, an orc priest, a gnoll, 2 orcs and a giant cockroach (wandering).

Vanquished Creatures
  A worm (D:2)
  3 dart slugs
  2 orcs
  A giant cockroach (D:1)
  2 hobgoblins (D:1)
  4 jackals (D:1)
  A quokka (D:2)
  7 bats
  5 frilled lizards
  4 goblins (D:1)
  8 kobolds
  4 rats
42 creatures vanquished.

Notes
Turn   | Place    | Note
-------+----------+-------------------------------------------
     0 | D:1      | DasRunzen the Minotaur Fighter began the quest for the Orb.
     0 | D:1      | Reached XP level 1. HP: 19/19 MP: 0/0
   111 | D:1      | Reached XP level 2. HP: 26/27 MP: 1/1
   349 | D:1      | Reached XP level 3. HP: 33/33 MP: 2/2
   673 | D:2      | Found a radiant altar of Vehumet.
  1166 | D:3      | You fall into a shaft and drop 2 floors!
  1166 | D:5      | Entered Level 5 of the Dungeon
  1166 | D:5      | Noticed a centaur
  1168 | D:5      | Noticed a centaur
  1177 | D:4      | Killed from afar by an orc priest

Levels and vault maps discovered:
D:1:      dpeg_arrival_arbitrary_b, layout_rooms, chequers_jeans
D:2:      layout_basic, fiery_altar_vehumet
D:3:      layout_rooms, first_ration, uniq_sigmund
D:4:      layout_basic, zin_scriptorium, minmay_temple_entry_wispy
D:5:      layout_basic, lemuel_round_altar, lemuel_doored_altar,
          kennysheep_mini, uniq_ijyb

Skill      XL: |  1  2 |
---------------+-------+-----
Armour         | 4 |  4.2
Fighting       | 4 |  4.2
Shields        | 4 |  4.1
Axes           | 3 |  3.2

Action                   || total
-------------------------++-------
Melee: War axe           ||    82
       Headbutt          ||    10
  Use: Scroll            ||     8
Armor: Scale mail        ||    24
Dodge: Dodged            ||    29
Block: Shield            ||    52

Table legend:
 A = Non-vault XP
 B = Vault XP
 C = Vault XP percentage of total XP
 D = Non-vault monster count
 E = Vault monster count
 F = Vault count percentage of total count
                 A         B        C        D         E       F
            +---------+---------+-------+---------+---------+-------
      Total |      74 |       0 |   0.0 |      42 |       0 |   0.0
            +---------+---------+-------+---------+---------+-------
        D:1 |      45 |       0 |   0.0 |      27 |       0 |   0.0
        D:2 |      21 |       0 |   0.0 |      12 |       0 |   0.0
        D:3 |       5 |       0 |   0.0 |       2 |       0 |   0.0
        D:4 |       3 |       0 |   0.0 |       1 |       0 |   0.0
            +---------+---------+-------+---------+---------+-------
